 Dungeon Crawl Stone Soup version 0.18.1-50-g88ac8fd (webtiles) character file.

53 shiningwizard the Shooter (level 3, -1/28 HPs)
             Began as a Centaur Arcane Marksman on Dec 21, 2016.
             Slain by a worm (9 damage)
             ... on level 2 of the Dungeon.
             The game lasted 00:11:50 (1255 turns).

shiningwizard the Shooter (Centaur Arcane Marksman) Turns: 1255, Time: 00:11:50

Health: -1/28      AC:  5    Str: 14    XL:     3   Next: 62%
Magic:  4/4        EV:  8    Int: 12    God:
Gold:   134        SH:  0    Dex:  8    Spells: 2 memorised, 1 level left

rFire  + . .     SeeInvis .     a - +1 shortbow
rCold  x . .     Gourm    .     h - +0 ring mail
rNeg   . . .     Faith    .     (shield currently unavailable)
rPois  .         Spirit   .     (no helmet)
rElec  .         Dismiss  .     (no cloak)
rCorr  .         Reflect  .     (no gloves)
SustAt .         Harm     .     (no barding)
MR     .....                    (no amulet)
Stlth  ..........               (no ring)
                                l - ring of fire

@: about to teleport, very quick, not resistant to hostile enchantments,
extremely unstealthy
A: hooves 3, deformed body, speed 2, tough skin 3
a: no special abilities


You were on level 2 of the Dungeon.
You were very hungry.

You visited 1 branch of the dungeon, and saw 3 of its levels.

You collected 134 gold pieces.

Inventory:

Hand Weapons
 a - a +1 shortbow (weapon)
Armour
 b - a +0 robe
 h - a +0 ring mail (worn)
Jewellery
 l - a ring of fire (left hand)
Scrolls
 k - 2 scrolls of identify
 p - a scroll of enchant armour {unknown}
Potions
 j - a potion of lignification
Books
 c - a book of Debilitation

   Spells                             Type                      Level
   a - Corona                         Hexes                        1
   b - Slow                           Hexes                        2
   c - Gell's Gravitas                Hexes/Translocation          3
   d - Inner Flame                    Hexes/Fire                   3
   e - Cause Fear                     Hexes                        4
   f - Leda's Liquefaction            Hexes/Earth                  4
Comestibles
 d - 2 meat rations
 f - 2 bread rations
 g - a royal jelly
 i - a beef jerky
 m - 5 fruits


   Skills:
 + Level 1.1 Fighting
 + Level 4.2 Bows
 + Level 0.2 Armour
 + Level 1.5 Dodging
 + Level 1.1 Spellcasting
 + Level 3.1 Hexes


You had one spell level left.
You knew the following spells:

 Your Spells              Type           Power        Failure   Level  Hunger
a - Corona                Hex            #......      21%         1    ##.....
b - Slow                  Hex            #.......     30%         2    ###....


Dungeon Overview and Level Annotations

Branches:
Dungeon (3/15)

Altars:

Annotations:
D:3 shiningwizard's ghost, amateur FoHu


Innate Abilities, Weirdness & Mutations

You have hooves in place of feet.
Armour fits poorly on your strangely shaped body.
You cover ground very quickly.
You have extremely tough skin (AC +3).


Message History

The goblin hits you but does no damage.
You clumsily bash the worm but do no damage.
You kick the worm.
The worm is moderately wounded.
The goblin hits you but does no damage. The worm bites you but does no damage.
You clumsily bash the worm but do no damage.
You kick the worm, but do no damage.
The worm is lightly wounded.
The goblin barely misses you. The worm closely misses you.
As you read the scroll labeled IKKOKKEECKI, it crumbles to dust.
It is a scroll of enchant weapon.
Enchant which weapon? (? for menu, Esc to quit)
Your +0 shortbow glows red for a moment.
You are feeling very hungry.
The goblin closely misses you.
Read which item? (? for menu, Esc to quit)
As you read the scroll labeled DERASE NUOFIN, it crumbles to dust.
You feel strangely unstable.
It was a scroll of teleportation.
The goblin barely misses you. The worm bites you!
You die...

#.# #.# #.# ..# #.# #.# #.#
#.# #.# #.#
#####.#######.#####.
#.......w............ #
#.###.#......#.###.##
######.#g## #w#.#####.##
....... ....(###@#... ...
##..... .....grg.#..# ####
#.# ### .#########..# .###..
#..# #.#<# ####..# ##.#####
#.....# #.†...# #.##.##
#####.########.##.#
###########
#..........##.####..........


You could see a worm, a hobgoblin, a goblin and a rat.

Vanquished Creatures
  2 adders (D:2)
  2 dart slugs
  A giant gecko (D:1)
  5 bats
  4 goblins
  7 hobgoblins (D:1)
  2 kobolds
  A giant newt (D:1)
  6 rats
30 creatures vanquished.

Notes
Turn   | Place    | Note
--------------------------------------------------------------
     0 | D:1      | shiningwizard the Centaur Arcane Marksman began the quest for the Orb.
     0 | D:1      | Reached XP level 1. HP: 16/16 MP: 2/2
   179 | D:1      | Reached skill level 3 in Bows
   217 | D:1      | Reached XP level 2. HP: 6/23 MP: 3/3
   800 | D:1      | Learned a level 2 spell: Slow
   818 | D:2      | Reached XP level 3. HP: 25/28 MP: 4/4
   895 | D:2      | Reached skill level 4 in Bows
  1153 | D:3      | Noticed shiningwizard's ghost (amateur FoHu)
  1255 | D:2      | Slain by a worm

Skill      XL: |  1  2  3 |
---------------+----------+-----
Bows           | 3 4 |  4.2
Hexes          | 3 |  3.1
Fighting       | |  1.1
Armour         | |  0.2
Dodging        | |  1.5
Spellcasting   | |  1.1

Action                   || total
-------------------------++-------
Melee: Shortbow          ||    73
       Kick              ||    17
       Unarmed           ||     7
 Fire: Shortbow          ||   103
 Cast: Corona            ||     2
       Slow              ||     3
  Use: Scroll            ||     3
       Potion            ||     2
Armor: Ring mail         ||    91
       Robe              ||     4
Dodge: Dodged            ||    87
